[Event "Titled Tuesday Blitz January 31 Early 2023"]
[White "Antonica, Dragos-Andrei"]
[Black "Kukhmazov, Arsen"]
[WhiteFideId "1246372"]
[BlackFideId "24108260"]
[WhiteElo "2373"]
[BlackElo "2512"]
[Result "1-0"]
[Round "09"]
[TimeControl "180+2"]
[Date "2023.01.31"]
[WhiteClock "0:00:38"]
[BlackClock "0:00:26"]

1. d4 d5 2. c4 c6 3. Nf3 Nf6 4. Nc3 dxc4 5. e3 b5 6. a4 b4 7. Na2 e6 8. Bxc4 Be7 9. Qe2 a5 10. b3 O-O 11. Bb2 Ba6 12. O-O c5 13. dxc5 Bxc5 14. Rfd1 Qe7 15. Ne5 Bb7 16. Rac1 Nc6 17. Ng4 Ne4 18. Bd3 f5 19. Bxe4 fxe4 20. Qc4 Bb6 21. Qxe4 h5 22. Nh6+ Kh8 23. Qg6 e5 24. Rxc6 Bxc6 25. Qxc6 Rf6 26. Qxa8+ Kh7 27. Qe4+ Kxh6 28. Bxe5 Re6 29. f4 1-0


[Site "https://www.chess.com"]

[Event "Titled Tuesday Blitz January 31 Early 2023"]
[White "Taspinar, Yanki"]
[Black "Koelle, Tobias"]
[WhiteFideId "34561188"]
[BlackFideId "16207378"]
[WhiteElo "2262"]
[BlackElo "2432"]
[Result "1-0"]
[Round "09"]
[TimeControl "180+2"]
[Date "2023.01.31"]
[WhiteClock "0:00:42"]
[BlackClock "0:00:38"]

1. Nf3 a6 2. g3 Ra7 3. Bg2 Ra8 4. O-O h6 5. d4 Rh7 6. e4 Rh8 7. c4 e6 8. Nc3 d6 9. e5 Nd7 10. Re1 dxe5 11. dxe5 Bb4 12. Bd2 Ne7 13. a3 Bc5 14. b4 Ba7 15. Qc2 Kf8 16. Rad1 Qe8 17. Ne4 Rb8 18. Bc3 b5 19. c5 Bb7 20. h4 Bd5 21. h5 Rd8 22. Nh4 Kg8 23. Nf6+ Nxf6 24. exf6 Bxg2 25. Rxd8 Qxd8 26. fxe7 Qxe7 27. Kxg2 c6 28. Bxg7 Rh7 29. Be5 Qg5 30. Qe4 f6 31. Bf4 Qd5 32. Qxd5 exd5 33. Re6 Rd7 34. Rxc6 d4 35. Nf5 d3 36. Nd6 Kg7 37. Kf3 a5 38. Ke3 axb4 39. axb4 d2 40. Kxd2 Bb8 41. Rc8 f5 42. Be5+ Kh7 43. Rh8# 1-0


[Site "https://www.chess.com"]

[Event "Titled Tuesday Blitz January 31 Early 2023"]
[White "Yelisieiev, Yevhenii"]
[Black "Cherniaiev, Tykhon"]
[WhiteFideId "14139642"]
[BlackFideId "14182360"]
[WhiteElo "2418"]
[BlackElo "2330"]
[Result "0-1"]
[Round "09"]
[TimeControl "180+2"]
[Date "2023.01.31"]
[WhiteClock "0:00:06"]
[BlackClock "0:00:05"]

1. d4 Nf6 2. Nf3 e6 3. c4 d5 4. Nc3 Be7 5. Bg5 O-O 6. e3 c5 7. cxd5 exd5 8. dxc5 Bxc5 9. Be2 Be6 10. Nd4 Bxd4 11. Qxd4 Nc6 12. Bxf6 Qxf6 13. Qxf6 gxf6 14. O-O-O Rfd8 15. Bf3 d4 16. exd4 Nxd4 17. Bxb7 Rab8 18. Be4 Rb4 19. Kb1 Rdb8 20. Rd2 Nb5 21. Nxb5 R8xb5 22. Bd3 Rd5 23. Rhd1 Kg7 24. Bc2 Rdb5 25. b3 Rh4 26. h3 Rhh5 27. Rd4 Rhe5 28. R1d2 a5 29. Kb2 Rec5 30. Bd3 Rb6 31. h4 h6 32. g3 Rb7 33. Bc2 Rb6 34. Bd1 Rb7 35. Rc2 Re5 36. Re2 Rc5 37. Rc2 Re5 38. Bf3 Rb6 39. Rc6 Rb8 40. Rc2 Rb6 41. Be2 Bf5 42. Rcd2 Be6 43. Bc4 Bf5 44. Bd3 Be6 45. Re4 Rd5 46. Ree2 Rbd6 47. Kc1 Rxd3 48. Rc2 a4 49. b4 a3 50. Red2 Rxd2 51. Rxd2 Rxd2 52. Kxd2 Bxa2 53. Kc2 Kg6 54. b5 Kf5 55. f3 Bd5 56. f4 Kg4 57. b6 Kxg3 58. Kc3 Kxf4 59. Kd4 Bb7 60. Kc5 a2 61. Kd6 a1=Q 62. Kc7 Qh1 0-1


[Site "https://www.chess.com"]

[Event "Titled Tuesday Blitz January 31 Early 2023"]
[White "Weetik, Vjacheslav"]
[Black "Averjanov, Alexey"]
[WhiteFideId "4153472"]
[BlackFideId "14109867"]
[WhiteElo "2423"]
[BlackElo "2399"]
[Result "1-0"]
[Round "09"]
[TimeControl "180+2"]
[Date "2023.01.31"]
[WhiteClock "0:00:05"]
[BlackClock "0:01:49"]

1. d4 d5 2. Nf3 Nf6 3. c4 dxc4 4. e3 e6 5. Bxc4 a6 6. Bd3 b5 7. a4 b4 8. e4 Bb7 9. Qe2 Nbd7 10. O-O Be7 11. Nbd2 c5 12. e5 Nd5 13. Ne4 cxd4 14. Bd2 O-O 15. Neg5 g6 16. Ne4 Kg7 17. h4 h5 18. Rac1 Qb6 19. Rfe1 Rac8 20. Rxc8 Rxc8 21. Bg5 Bxg5 22. Nexg5 Nc5 23. Bc4 b3 24. Qd2 Ne7 25. Bd3 Nxd3 26. Qxd3 Rc2 27. Nxd4 Rxb2 28. Qe3 Ba8 29. Ndxe6+ Qxe6 30. Nxe6+ fxe6 31. Qa7 Kf7 32. Qxa8 Rc2 33. Qf3+ Nf5 34. Qxb3 Rc7 35. Rd1 Nxh4 36. Qb6 Re7 37. Qxa6 Nf5 38. Qb5 Re8 39. Rd7+ Ne7 40. a5 Rc8 41. a6 Rc1+ 42. Kh2 Ra1 43. Qb7 g5 44. Rxe7+ Kg6 45. Rf7 g4 46. Rf6+ Kg5 47. Qg7+ Kh4 48. g3# 1-0


[Site "https://www.chess.com"]

[Event "Titled Tuesday Blitz January 31 Early 2023"]
[White "Ordekalog"]
[Black "Zahid, Sanatan"]
[BlackFideId "10201963"]
[WhiteElo "2589"]
[BlackElo "1930"]
[Result "0-1"]
[Round "09"]
[TimeControl "180+2"]
[Date "2023.01.31"]
[WhiteClock "0:00:42"]
[BlackClock "0:02:10"]

1. e4 e6 2. Bb5 Nc6 3. Bxc6 bxc6 4. d3 g6 5. Nf3 Bg7 6. O-O c5 7. Bg5 f6 8. Be3 d6 9. c3 Ne7 10. Qd2 h5 11. Na3 Ba6 12. Rfe1 Qd7 13. Rad1 O-O 14. Nc4 Rab8 15. b3 Bxc4 16. dxc4 Qc6 17. Bh6 Kh7 18. Bxg7 Kxg7 19. h4 Qa6 20. Nh2 Nc6 21. f4 e5 22. f5 gxf5 23. exf5 Ne7 24. Rf1 Rh8 25. Rf3 Kf7 26. Nf1 Rbg8 27. Ne3 Qb7 28. Kh2 Qe4 29. Qf2 Rg7 30. Re1 Rhg8 31. Re2 a5 32. Nd5 Rxg2+ 0-1


[Site "https://www.chess.com"]

[Event "Titled Tuesday Blitz January 31 Early 2023"]
[White "Sukandar, Irine Kharisma"]
[Black "Preotu, Razvan"]
[WhiteFideId "7101937"]
[BlackFideId "2613280"]
[WhiteElo "2390"]
[BlackElo "2475"]
[Result "0-1"]
[Round "09"]
[TimeControl "180+2"]
[Date "2023.01.31"]
[WhiteClock "0:00:02"]
[BlackClock "0:00:08"]

1. e4 c5 2. Nc3 d6 3. f4 g6 4. Nf3 Bg7 5. Bc4 Nc6 6. O-O e6 7. d3 Nge7 8. Qe1 O-O 9. Qh4 d5 10. Bb3 Nd4 11. f5 gxf5 12. exd5 Nxb3 13. axb3 Nxd5 14. Bg5 f6 15. Bh6 Nb4 16. Bxg7 Kxg7 17. Rf2 e5 18. Qg3+ Kh8 19. Nh4 f4 20. Qf3 Rg8 21. Qe4 Bd7 22. Re1 Bc6 23. Qf5 Rg5 24. Qe6 Qf8 25. Ne4 Rh5 26. Nf3 Rh6 27. Nxe5 fxe5 28. Qxe5+ Qg7 29. Qxc5 Nd5 30. c4 Ne3 31. Ng5 Rg6 32. h4 b6 33. Qb4 a5 34. Qd2 Nxg2 35. Rxg2 Bxg2 36. Qxg2 Rg8 0-1


[Site "https://www.chess.com"]

[Event "Titled Tuesday Blitz January 31 Early 2023"]
[White "Nouri, Alekhine"]
[Black "Senthil, Maran K"]
[WhiteFideId "5216184"]
[BlackFideId "25035681"]
[WhiteElo "2257"]
[BlackElo "2209"]
[Result "1-0"]
[Round "09"]
[TimeControl "180+2"]
[Date "2023.01.31"]
[WhiteClock "0:00:47"]
[BlackClock "0:00:18"]

1. e4 c5 2. Nc3 g6 3. d4 cxd4 4. Qxd4 Nf6 5. Nf3 Nc6 6. Qa4 d6 7. e5 dxe5 8. Nxe5 Bd7 9. Nxd7 Nxd7 10. Be3 Bg7 11. Bb5 O-O 12. O-O Nb6 13. Qh4 Qc7 14. Rad1 a6 15. Bxc6 Qxc6 16. Bxb6 Qxb6 17. Nd5 Qxb2 18. Qxe7 Rfe8 19. Qd6 Be5 20. Qc5 Qb5 21. Qxb5 axb5 22. f4 Rxa2 23. fxe5 Rxe5 24. Rf2 Kg7 25. h3 Rb2 26. Nf6 Rf5 27. Rxf5 gxf5 28. Nh5+ Kh6 29. Nf4 Rxc2 30. Rd6+ Kg5 31. g3 h5 32. Ng2 b4 33. h4+ Kg4 34. Ne3+ Kxg3 35. Nxc2 b3 36. Nd4 b5 37. Rb6 b2 38. Rxb5 f4 39. Rxb2 Kxh4 40. Rg2 Kh3 41. Kf2 h4 42. Nf3 f6 43. Ng1# 1-0


[Site "https://www.chess.com"]

[Event "Titled Tuesday Blitz January 31 Early 2023"]
[White "Ioannidis, Evgenios"]
[Black "Lotfizadeh, Mehdi"]
[WhiteFideId "4229274"]
[BlackFideId "42513618"]
[WhiteElo "2467"]
[BlackElo "1529"]
[Result "1-0"]
[Round "09"]
[TimeControl "180+2"]
[Date "2023.01.31"]
[WhiteClock "0:00:05"]
[BlackClock "0:00:02"]

1. d4 Nf6 2. c4 e6 3. Nc3 Bb4 4. Qc2 d6 5. Bd2 c5 6. Nf3 O-O 7. a3 Ba5 8. e3 Nc6 9. Bd3 cxd4 10. exd4 d5 11. c5 h6 12. O-O Bc7 13. b4 e5 14. dxe5 Nxe5 15. Nxe5 Bxe5 16. Rae1 Re8 17. h3 Bd7 18. Re2 Qc7 19. Rfe1 Bh2+ 20. Kf1 Bf4 21. Rxe8+ Rxe8 22. Rxe8+ Bxe8 23. g3 Bxd2 24. Qxd2 Qe5 25. Kg1 d4 26. Ne2 Bd7 27. Nf4 g5 28. Qe2 Qxe2 29. Nxe2 Bxh3 30. Nxd4 Bd7 31. b5 Kf8 32. a4 Ke8 33. a5 Kd8 34. b6 axb6 35. cxb6 Bc8 36. Bc4 Ke7 37. Nb5 Ne4 38. Bd5 Nc5 39. Kg2 f5 40. f4 gxf4 41. gxf4 Bd7 42. Nd4 Kd6 43. Bf3 Bc8 44. Kg3 Na6 45. Nb3 Nc5 46. Nd4 Na6 47. Nb5+ Kc5 48. Na7 Be6 49. Bxb7 Nb4 50. Bf3 Bd5 51. b7 Bxb7 52. Bxb7 Nc2 53. a6 Kb6 54. Nc8+ Kc7 55. Ne7 Kb8 56. Nxf5 Nb4 57. Nxh6 Ka7 58. f5 1-0


[Site "https://www.chess.com"]

[Event "Titled Tuesday Blitz January 31 Early 2023"]
[White "Wahedi, Ahmad Siar"]
[Black "Goltsev, Dmitry"]
[WhiteFideId "4651260"]
[BlackFideId "24176710"]
[WhiteElo "2274"]
[BlackElo "2269"]
[Result "0-1"]
[Round "09"]
[TimeControl "180+2"]
[Date "2023.01.31"]
[WhiteClock "0:00:17"]
[BlackClock "0:00:39"]

1. e4 e6 2. d4 d5 3. Nc3 c5 4. exd5 exd5 5. dxc5 Nf6 6. Be3 Nc6 7. Bb5 Be7 8. Nf3 O-O 9. O-O Bg4 10. h3 Bxf3 11. Qxf3 d4 12. Rad1 Bxc5 13. Bxc6 bxc6 14. Qxc6 Rc8 15. Qa4 dxe3 16. Rxd8 exf2+ 17. Kh1 Rfxd8 18. Qf4 Re8 19. g4 Re1 20. Kg2 Rxf1 21. Kxf1 Re8 22. Ne2 Nd5 23. Qa4 Re5 24. Qc6 h6 25. c4 Nf4 26. Qc8+ Kh7 27. Qxc5 Rxc5 28. Nxf4 Rxc4 29. Nd3 Rc2 30. a3 Rd2 31. Nxf2 Rxb2 0-1


[Site "https://www.chess.com"]

[Event "Titled Tuesday Blitz January 31 Early 2023"]
[White "Bilych, Olexiy"]
[Black "Lorenzo De La Riva, Lazaro"]
[WhiteFideId "14156504"]
[BlackFideId "2268809"]
[WhiteElo "2441"]
[BlackElo "2404"]
[Result "1-0"]
[Round "09"]
[TimeControl "180+2"]
[Date "2023.01.31"]
[WhiteClock "0:01:36"]
[BlackClock "0:01:09"]

1. d4 Nf6 2. c4 e6 3. Nf3 c5 4. d5 exd5 5. cxd5 d6 6. Nc3 a6 7. a4 g6 8. e4 Bg7 9. Be2 O-O 10. O-O b6 11. Qc2 Qe7 12. Re1 Nbd7 13. Bf4 Nh5 14. Bg5 Bf6 15. Bh6 Bg7 16. Bxg7 Kxg7 17. Nd2 Nf4 18. Bf1 Ne5 19. g3 Nh3+ 20. Bxh3 Bxh3 21. f4 Nd7 22. Nc4 Rab8 23. e5 dxe5 24. fxe5 Qg5 25. Ne4 Qh5 26. Qc3 f6 27. exf6+ Nxf6 28. Nxf6 Rxf6 29. Re7+ Kh6 30. Qxf6 b5 31. Qg7+ Kg5 32. Re5+ Bf5 33. Qe7+ Kh6 34. Ne3 1-0


[Site "https://www.chess.com"]

[Event "Titled Tuesday Blitz January 31 Early 2023"]
[White "Skuhala, Barbara"]
[Black "Kosteniuk, Alexandra"]
[WhiteFideId "14605465"]
[BlackFideId "4128125"]
[WhiteElo "2153"]
[BlackElo "2535"]
[Result "0-1"]
[Round "09"]
[TimeControl "180+2"]
[Date "2023.01.31"]
[WhiteClock "0:00:45"]
[BlackClock "0:01:02"]

1. e4 c6 2. d4 d5 3. f3 e6 4. Nc3 Bb4 5. a3 Bxc3+ 6. bxc3 Nf6 7. e5 Nfd7 8. f4 c5 9. dxc5 Qa5 10. Bd2 Qxc5 11. Nf3 Nc6 12. Bd3 g6 13. Qe2 Ne7 14. c4 dxc4 15. Bxc4 Nb6 16. Bd3 O-O 17. h4 Nbd5 18. Rb1 Nc3 19. Bxc3 Qxc3+ 20. Kf2 Nd5 21. g3 Qc5+ 22. Kg2 Nc3 23. Qe1 Nxb1 24. Qxb1 Bd7 25. Be4 Bc6 26. Bxc6 Qxc6 27. h5 Rac8 28. c4 Rfd8 29. hxg6 Rd2+ 0-1


[Site "https://www.chess.com"]

[Event "Titled Tuesday Blitz January 31 Early 2023"]
[White "Zhigalko, Sergei"]
[Black "Arabidze, Meri"]
[WhiteFideId "13502956"]
[BlackFideId "13604040"]
[WhiteElo "2572"]
[BlackElo "2441"]
[Result "1/2-1/2"]
[Round "09"]
[TimeControl "180+2"]
[Date "2023.01.31"]
[WhiteClock "0:00:02"]
[BlackClock "0:00:04"]

1. e4 c5 2. Nf3 e6 3. c3 Nf6 4. e5 Nd5 5. Bc4 d6 6. d4 cxd4 7. cxd4 Nc6 8. O-O Be7 9. Bd2 O-O 10. Nc3 Nb6 11. Bb3 Na5 12. Bc2 Bd7 13. Qe2 Nac4 14. Rfe1 Nxd2 15. Nxd2 dxe5 16. dxe5 Bc6 17. Nde4 Nd5 18. Rad1 Qb6 19. Nxd5 Bxd5 20. Nf6+ Bxf6 21. exf6 g6 22. Bb3 Bxb3 23. axb3 Rfd8 24. Qf3 h5 25. h3 a5 26. g4 hxg4 27. hxg4 Rxd1 28. Rxd1 Rd8 29. Rc1 Qd4 30. Kg2 b5 31. Rc7 a4 32. bxa4 bxa4 33. Rb7 Qe5 34. Ra7 Qd4 35. Ra8 Rxa8 36. Qxa8+ Kh7 37. Qf3 Qxb2 38. g5 Qe5 39. Qh3+ Kg8 40. Qh6 Qd5+ 41. Kh2 Qd6+ 42. Kg2 Qf8 43. Qh4 a3 44. Qa4 Qc5 45. Qe8+ Qf8 46. Qa4 Qd6 47. Qe8+ Qf8 48. Qa4 1/2-1/2


[Site "https://www.chess.com"]

[Event "Titled Tuesday Blitz January 31 Early 2023"]
[White "Royal, Shreyas"]
[Black "Ibarra Jerez, Jose Carlos"]
[WhiteFideId "448869"]
[BlackFideId "2226332"]
[WhiteElo "2438"]
[BlackElo "2563"]
[Result "0-1"]
[Round "09"]
[TimeControl "180+2"]
[Date "2023.01.31"]
[WhiteClock "0:01:40"]
[BlackClock "0:01:04"]

1. d4 Nf6 2. c4 d6 3. Nf3 g6 4. e3 Bg7 5. Be2 O-O 6. O-O Nbd7 7. Nc3 e5 8. b4 a5 9. b5 b6 10. Qc2 Bb7 11. dxe5 dxe5 12. Rd1 Re8 13. a4 Qc8 14. Bb2 e4 15. Nd4 Nc5 16. Nb3 Nfd7 17. Nd4 Ne5 18. Nd5 Ned3 19. Bc3 Bxd5 20. cxd5 Qd7 21. Qa2 Rad8 22. f3 Qxd5 23. Qxd5 Rxd5 24. fxe4 Nxe4 25. Rxd3 Nxc3 26. Bf3 Rxe3 27. Rxe3 Bxd4 28. Bxd5 Bxe3+ 29. Kf1 Nxd5 30. Ke2 Bd4 31. Ra3 Bc5 32. Rd3 Nf4+ 0-1


[Site "https://www.chess.com"]

[Event "Titled Tuesday Blitz January 31 Early 2023"]
[White "Fiorito, Joaquin"]
[Black "Yuan, Qingyu"]
[WhiteFideId "180173"]
[BlackFideId "8609772"]
[WhiteElo "2405"]
[BlackElo "2373"]
[Result "0-1"]
[Round "09"]
[TimeControl "180+2"]
[Date "2023.01.31"]
[WhiteClock "0:00:13"]
[BlackClock "0:00:08"]

1. d4 d5 2. Nc3 Nf6 3. Bf4 c5 4. e4 Nxe4 5. Bb5+ Nc6 6. Nxe4 dxe4 7. Ne2 e6 8. Bxc6+ bxc6 9. dxc5 Qxd1+ 10. Rxd1 Bxc5 11. Bd6 Bb6 12. O-O Ba6 13. Rfe1 Bxe2 14. Rxe2 O-O-O 15. Ree1 Rd7 16. Be5 Rhd8 17. Rxd7 Rxd7 18. Bc3 f5 19. Kf1 g5 20. f3 e3 21. Ke2 f4 22. h4 gxh4 23. Rh1 Bd8 24. Rd1 Rd5 25. Rd4 Rxd4 26. Bxd4 a6 27. Be5 Bg5 28. c4 Kd7 29. b4 Kc8 30. a4 Kb7 31. a5 Be7 32. c5 Bg5 33. Kd3 Kc8 34. Ke2 Kd7 35. Bd6 Bf6 36. Bxf4 Bc3 37. Bxe3 Bxb4 38. Bf2 h3 39. gxh3 Bxa5 40. Kd3 Bc7 41. Ke4 Ke7 42. Bh4+ Kf7 43. Bg5 Kg6 44. Be7 a5 45. Bd6 Bd8 46. Ke5 Bf6+ 47. Kxe6 a4 48. Kd7 a3 49. Kxc6 a2 50. Kd7 a1=Q 51. c6 Qa4 52. Kc7 Qb3 53. Kd7 Qb5 54. Kc7 Qa5+ 55. Kd7 Qd8+ 56. Ke6 Qc8+ 57. Kd5 Qxh3 58. f4 Qc8 59. Kc5 Kf5 60. Kd5 h5 61. c7 h4 62. Kc4 h3 63. Kd3 h2 64. Ke3 h1=Q 0-1


[Site "https://www.chess.com"]

[Event "Titled Tuesday Blitz January 31 Early 2023"]
[White "Klose, Eli"]
[Black "Halkias, Stelios"]
[WhiteFideId "16242955"]
[BlackFideId "4201809"]
[WhiteElo "1519"]
[BlackElo "2511"]
[Result "1-0"]
[Round "09"]
[TimeControl "180+2"]
[Date "2023.01.31"]
[WhiteClock "0:00:08"]
[BlackClock "0:00:04"]

1. e4 e5 2. Nf3 Nc6 3. d4 exd4 4. Bc4 Nf6 5. O-O Nxe4 6. Re1 d5 7. Bxd5 Qxd5 8. Nc3 Qd7 9. Rxe4+ Be7 10. Nxd4 f5 11. Rf4 O-O 12. Nxc6 Qxc6 13. Qd5+ Qxd5 14. Nxd5 Bd6 15. Rd4 Be6 16. Bf4 Bc5 17. Rd3 Bxd5 18. Rxd5 Bb6 19. a4 Rad8 20. Rad1 c6 21. Rd7 Rxd7 22. Rxd7 Rd8 23. Rxd8+ Bxd8 24. Kf1 Kf7 25. Ke2 Ke6 26. Kd3 g5 27. Bd2 h6 28. h3 Bb6 29. f3 a5 30. Be1 Bc7 31. g4 b5 32. b3 Bb6 33. Bc3 Bc7 34. Bg7 Bd6 35. Kd4 c5+ 36. Kc3 Kf7 37. Bh8 fxg4 38. hxg4 bxa4 39. bxa4 Ke6 40. Kc4 Be5 41. Bxe5 Kxe5 42. Kxc5 Kf4 43. Kd5 Kxf3 44. c4 h5 45. c5 hxg4 46. c6 g3 47. c7 g2 48. c8=Q g1=Q 49. Qf8+ Kg4 50. Qc8+ Kh4 51. Qh8+ Kg4 52. Qc8+ Kg3 53. Qc7+ Kf3 54. Qxa5 Qd1+ 55. Kc6 g4 56. Qb5 g3 57. Qh5+ Kf2 58. Qxd1 1-0


[Site "https://www.chess.com"]

[Event "Titled Tuesday Blitz January 31 Early 2023"]
[White "Lymar, Vladislav"]
[Black "Wong, Yinn Long"]
[WhiteFideId "14162180"]
[BlackFideId "5707684"]
[WhiteElo "2119"]
[BlackElo "2371"]
[Result "0-1"]
[Round "09"]
[TimeControl "180+2"]
[Date "2023.01.31"]
[WhiteClock "0:00:07"]
[BlackClock "0:00:20"]

1. e4 c5 2. Nf3 g6 3. g3 Bg7 4. Bg2 Nc6 5. O-O Nf6 6. Nc3 O-O 7. d3 d5 8. e5 Nd7 9. Nxd5 e6 10. Nc3 Ndxe5 11. Nxe5 Nxe5 12. Ne4 Qe7 13. Bg5 Qc7 14. Bf6 Bd7 15. Qd2 Bxf6 16. Nxf6+ Kg7 17. Qg5 h6 18. Qf4 g5 19. Nh5+ Kg6 20. Qf6+ Kxh5 21. f4 Ng4 22. Bf3 e5 23. h3 Qb6 24. hxg4+ Bxg4 25. Bxg4+ Kxg4 26. Qxe5 Rae8 27. Qd5 Qc6 28. Qxc6 bxc6 29. Rae1 Kxg3 30. Rxe8 Rxe8 31. fxg5 hxg5 32. a4 f5 33. Rd1 Re2 34. d4 Rxc2 35. Rd3+ Kg4 36. d5 cxd5 37. Rxd5 Rxb2 38. Rxc5 Rb7 39. Kf2 f4 40. Rc2 Rh7 41. Kg2 f3+ 42. Kg1 Kg3 43. a5 f2+ 44. Rxf2 Rh1+ 45. Kxh1 Kxf2 46. Kh2 g4 47. Kh1 g3 48. a6 g2+ 49. Kh2 g1=Q+ 50. Kh3 Qg3# 0-1


[Site "https://www.chess.com"]

[Event "Titled Tuesday Blitz January 31 Early 2023"]
[White "Ristic, Nebojsa B"]
[Black "Costachi, Mihnea"]
[WhiteFideId "935468"]
[BlackFideId "1217518"]
[WhiteElo "2236"]
[BlackElo "2476"]
[Result "0-1"]
[Round "09"]
[TimeControl "180+2"]
[Date "2023.01.31"]
[WhiteClock "0:00:01"]
[BlackClock "0:01:18"]

1. d4 e6 2. Bf4 c5 3. e3 Qb6 4. Nc3 Nf6 5. Rb1 Nc6 6. Nf3 cxd4 7. exd4 Bb4 8. Bc4 O-O 9. O-O d5 10. Bd3 Bd7 11. Ne2 Ne7 12. Ng3 Ng6 13. Bg5 Be7 14. Ne5 Bb5 15. Bxb5 Qxb5 16. c3 Rfe8 17. Re1 Nxe5 18. dxe5 Nd7 19. Bxe7 Rxe7 20. Qg4 f5 21. exf6 Nxf6 22. Qd4 Rae8 23. f4 Qb6 24. Rbd1 Qxd4+ 25. Rxd4 Nd7 26. Rd2 Nc5 27. f5 exf5 28. Rxe7 Rxe7 29. Rxd5 Na4 30. Nxf5 Re2 31. Rd8+ Kf7 32. b3 Nxc3 33. Nd4 Rd2 34. Rd7+ Ke8 35. Rc7 Ne4 36. Rc8+ Kd7 0-1


[Site "https://www.chess.com"]

[Event "Titled Tuesday Blitz January 31 Early 2023"]
[White "Ilkhomi, Jaloliddin"]
[Black "Shipov, Sergei"]
[WhiteFideId "14700948"]
[BlackFideId "4113624"]
[WhiteElo "1997"]
[BlackElo "2541"]
[Result "0-1"]
[Round "09"]
[TimeControl "180+2"]
[Date "2023.01.31"]
[WhiteClock "0:00:03"]
[BlackClock "0:00:03"]

1. d4 d5 2. Bf4 Nf6 3. e3 c5 4. c3 Nc6 5. Nf3 e6 6. Nbd2 Nh5 7. Bg5 f6 8. Bh4 g6 9. Bd3 cxd4 10. cxd4 Bd6 11. Bg3 Nxg3 12. hxg3 O-O 13. a3 Bd7 14. Qb1 Kg7 15. O-O f5 16. b4 a5 17. b5 Ne7 18. Qb2 a4 19. Rfc1 h6 20. Ne5 Bxe5 21. dxe5 Qa5 22. Nf3 Rac8 23. Nd4 g5 24. Rxc8 Bxc8 25. Rc1 Bd7 26. Qc3 Qxc3 27. Rxc3 Rc8 28. Rxc8 Nxc8 29. Kf1 g4 30. Ke2 Ne7 31. f4 h5 32. Kd2 Ng6 33. Kc3 Kf7 34. Kb4 h4 35. Ne2 h3 36. gxh3 gxh3 37. g4 fxg4 38. Bxg6+ Kxg6 39. Ng3 b6 40. Kxa4 Bc8 41. Kb4 d4 42. e4 Bb7 43. Kc4 h2 44. Kxd4 Kf7 45. a4 Ke7 46. Ke3 Kf7 47. Kf2 Bxe4 48. Nxe4 h1=Q 49. Ng5+ Ke7 50. Kg3 Qg1+ 51. Kh4 g3 52. Nf3 Qf2 53. Kg4 g2 54. Ng5 g1=Q+ 55. Kh5 Qc2 56. f5 Qxf5 57. a5 Qfxg5# 0-1


[Site "https://www.chess.com"]

[Event "Titled Tuesday Blitz January 31 Early 2023"]
[White "Papasimakopoulos, Alexandros"]
[Black "Lewtak, Damian"]
[WhiteFideId "4244125"]
[BlackFideId "1141724"]
[WhiteElo "2401"]
[BlackElo "2381"]
[Result "1-0"]
[Round "09"]
[TimeControl "180+2"]
[Date "2023.01.31"]
[WhiteClock "0:01:38"]
[BlackClock "0:01:11"]

1. Nf3 g6 2. h4 a5 3. h5 Bg7 4. d4 d5 5. h6 Bf6 6. Nc3 Nc6 7. Bf4 Bf5 8. e3 e6 9. Bb5 Ne7 10. Ne5 g5 11. g4 gxf4 12. gxf5 Bxe5 13. fxe6 Bf6 14. exf7+ Kxf7 15. Qh5+ Ng6 16. Nxd5 fxe3 17. fxe3 Rf8 18. Bc4 Bh4+ 19. Kd2 Ke8 20. Bd3 Qg5 21. Rxh4 1-0


[Site "https://www.chess.com"]

[Event "Titled Tuesday Blitz January 31 Early 2023"]
[White "Toncheva, Nadya"]
[Black "Aradhya, Garg"]
[WhiteFideId "2924056"]
[BlackFideId "25006746"]
[WhiteElo "2295"]
[BlackElo "2284"]
[Result "1/2-1/2"]
[Round "09"]
[TimeControl "180+2"]
[Date "2023.01.31"]
[WhiteClock "0:00:04"]
[BlackClock "0:00:14"]

1. d4 d5 2. c4 c6 3. Nc3 Nf6 4. e3 Bf5 5. cxd5 cxd5 6. Qb3 Nc6 7. Qxb7 Bd7 8. Qb3 Rb8 9. Qd1 e5 10. dxe5 Nxe5 11. Nf3 Bd6 12. Be2 O-O 13. a4 Qc7 14. Nd4 Bb4 15. Bd2 Bxc3 16. Bxc3 Ne4 17. O-O Nxc3 18. bxc3 Qxc3 19. Rc1 Qa5 20. Nf3 Bxa4 21. Qd4 Nc4 22. Ra1 Qb5 23. Qxa7 Ra8 24. Qd4 Bc2 25. Rxa8 Rxa8 26. Ne5 Bb3 27. Rc1 Qa4 28. h3 Qa3 29. Re1 Nxe5 30. Qxe5 Bc4 31. Bf3 h6 32. Bxd5 Qa5 33. Rd1 Bb3 34. Rd4 Bxd5 35. Qxd5 Qxd5 36. Rxd5 g6 37. Rd7 h5 38. Kh2 Ra2 39. Kg3 Ra5 40. Kf3 Rf5+ 41. Kg3 Rg5+ 42. Kf3 Rf5+ 43. Ke2 Rg5 44. g3 Ra5 45. Rb7 Kg7 46. f4 Ra3 47. Kf3 Ra4 48. Rb3 f5 49. Rc3 Rb4 50. Ra3 Kf6 51. g4 hxg4+ 52. hxg4 Rb6 53. g5+ Kg7 54. e4 fxe4+ 55. Kxe4 Rb4+ 56. Ke5 Rb5+ 57. Kd6 Rf5 58. Ra7+ Kf8 59. Ra4 Kf7 60. Rb4 Kf8 61. Ke6 Kg7 62. Rb7+ Kg8 63. Rb8+ Kg7 64. Rb4 Kg8 65. Re4 Kg7 66. Kd6 Kg8 67. Re6 Rxf4 68. Rxg6+ Kf7 69. Rh6 Rf5 70. g6+ Kg7 71. Rh7+ Kxg6 72. Re7 Rf6+ 73. Re6 Kf5 74. Rxf6+ Kxf6 1/2-1/2


[Site "https://www.chess.com"]

[Event "Titled Tuesday Blitz January 31 Early 2023"]
[White "Martinez Ramirez, Lennis"]
[Black "Womacka, Mathias"]
[WhiteFideId "3509079"]
[BlackFideId "4611390"]
[WhiteElo "2426"]
[BlackElo "2396"]
[Result "1-0"]
[Round "09"]
[TimeControl "180+2"]
[Date "2023.01.31"]
[WhiteClock "0:01:22"]
[BlackClock "0:00:09"]

1. c4 c5 2. Nf3 Nf6 3. Nc3 e6 4. d4 cxd4 5. Nxd4 Bb4 6. Qb3 Bc5 7. Be3 b6 8. f3 O-O 9. O-O-O Bb7 10. Kb1 Qe7 11. Ncb5 d5 12. cxd5 Nxd5 13. Bc1 Nc6 14. e4 Nf6 15. Be3 Rfd8 16. Be2 Nxd4 17. Nxd4 a6 18. a3 b5 19. h4 Nh5 20. g4 Ng3 21. Rh2 Nxe2 22. Rxe2 Qxh4 23. Red2 Bxd4 24. Bxd4 Rd7 25. Bf2 Rxd2 26. Bxh4 Rh2 27. Bg3 Rg2 28. Bc7 Rc8 29. Qd3 h6 30. Qd7 Rf2 31. Bb6 Rcc2 32. Bxf2 1-0


[Site "https://www.chess.com"]

[Event "Titled Tuesday Blitz January 31 Early 2023"]
[White "Sipila, Vilka"]
[Black "Abdilkhair, Abilmansur"]
[WhiteFideId "505455"]
[BlackFideId "13716417"]
[WhiteElo "2427"]
[BlackElo "2268"]
[Result "0-1"]
[Round "09"]
[TimeControl "180+2"]
[Date "2023.01.31"]
[WhiteClock "0:01:03"]
[BlackClock "0:00:11"]

1. b3 Nf6 2. Bb2 e6 3. e3 Be7 4. f4 O-O 5. Nf3 d5 6. Be2 c5 7. O-O Nc6 8. Bb5 Bd7 9. Bxc6 Bxc6 10. Qe1 d4 11. Na3 dxe3 12. dxe3 Be4 13. Rd1 Qb6 14. Qc3 Rfd8 15. Ne5 Qb4 16. Nd3 Qxc3 17. Bxc3 Nd5 18. Bd2 Bf6 19. Ne5 Nb4 20. c3 Nxa2 21. Nac4 b5 22. Na3 b4 23. cxb4 cxb4 24. Nac4 Rac8 25. Ra1 Nc3 26. Rxa7 Bxe5 27. fxe5 Rxc4 28. bxc4 Rxd2 29. Rfxf7 Rxg2+ 30. Kf1 Rg5 31. Rfe7 h6 32. Rxe6 b3 33. Rb6 Bd3+ 34. Ke1 Ne4 0-1


[Site "https://www.chess.com"]

[Event "Titled Tuesday Blitz January 31 Early 2023"]
[White "Lucassen, Mickey"]
[Black "Kvaloy, Aksel Bu"]
[WhiteFideId "12919110"]
[BlackFideId "1528815"]
[WhiteElo "2023"]
[BlackElo "2321"]
[Result "1-0"]
[Round "09"]
[TimeControl "180+2"]
[Date "2023.01.31"]
[WhiteClock "0:00:37"]
[BlackClock "0:00:11"]

1. d4 Nf6 2. Nf3 e6 3. Nc3 d5 4. Bf4 a6 5. e3 c5 6. a4 Nc6 7. Ne5 Bd6 8. Nxc6 bxc6 9. Bxd6 Qxd6 10. a5 cxd4 11. exd4 O-O 12. Be2 Qb4 13. O-O Qxb2 14. Qd3 Qb4 15. Rfb1 Qd6 16. Na4 Ne4 17. Nb6 Ra7 18. f3 Nf6 19. Nxc8 Rxc8 20. Rb6 Qc7 21. Rxa6 Rxa6 22. Qxa6 c5 23. c3 cxd4 24. cxd4 Qc3 25. Rd1 h5 26. Qb7 Qe3+ 27. Kf1 Rc2 28. Qb5 h4 29. a6 Nh5 30. Qe8+ Kh7 31. Bd3+ Kh6 32. Bxc2 Ng3+ 33. hxg3 hxg3 34. Qh8+ Kg5 35. Qxg7+ Kf4 36. Qh6# 1-0


[Site "https://www.chess.com"]